Map: Triton LE

Players

Has - Winner!

  • Race: Protoss Protoss
  • Spawn Location: 5:00

Impact

  • Race: Zerg Zerg
  • Spawn Location: 11:00

Event: IEM Katowice 2020

VOD

Have the link to the VOD?

Description

Time

  • Played on: Feb. 24, 2020, 1:45 p.m.
  • Length: 8:18

All games in this series

Show
View Real Time Build Order
Export as new Build Order

Has Protoss - Winner!

Build Orders: 1 Gate Expand 

Get SALT Encoding   

  12  0:00  Probe  
  13  0:12  Probe  
  14  0:19  Pylon  
  14  0:25  Probe  
  15  0:37  Gateway  
  15  0:39  Probe (Chrono Boost)  
  16  0:49  Probe (Chrono Boost)  
  17  0:54  Probe (Chrono Boost)  
  18  0:57  Assimilator  
  18  1:20  Pylon  
  18  1:25  Nexus  
  18  1:30  Zealot (Chrono Boost)  
  20  1:37  Cybernetics Core  
  20  1:39  Probe  
  21  1:49  Pylon  
  22  1:55  Zealot (Chrono Boost)  
  23  2:07  Probe  
  23  2:16  Adept (Chrono Boost)  
  23  2:19  Probe  
  26  2:23  Warp Gate  
  26  2:31  Probe  
  27  2:42  Probe  
  27  2:43  Probe, Assimilator  
  29  2:49  Adept (Chrono Boost)  
  28  2:54  Probe  
  28  2:55  Probe  
  32  3:06  Probe  
  32  3:07  Probe  
  32  3:10  Stalker (Chrono Boost)  
  36  3:18  Probe  
  36  3:19  Probe  
  38  3:30  Probe  
  38  3:31  Probe  
  38  3:33  Robotics Facility  
  40  3:42  Probe  
  40  3:43  Probe  
  42  3:50  Pylon  
  42  3:55  Probe  
  43  3:56  Probe  
  44  4:07  Probe  
  44  4:08  Probe  
  40  4:19  Probe, Immortal (Chrono Boost)  
  40  4:20  Probe  
  40  4:23  Zealot  
  46  4:28  Pylon  
  46  4:31  Gateway, Twilight Council  
  46  4:37  Pylon, Assimilator  
  46  4:42  Gateway  
  46  4:44  Gateway  
  46  4:46  Gateway  
  46  4:49  Sentry  
  48  4:53  Immortal (Chrono Boost)  
  52  5:00  Gateway  
  52  5:06  Cybernetics Core  
  52  5:13  Pylon  
  52  5:14  Charge (Chrono Boost)  
  52  5:19  Gateway  
  52  5:23  Gateway  
  52  5:25  Observer (Chrono Boost)  
  53  5:29  Zealot  
  53  5:30  Zealot  
  57  5:36  Pylon  
  57  5:39  Warp Prism  
  59  5:49  Sentry  
  61  5:50  Sentry, Zealot x2  
  61  5:53  Zealot  
  69  5:58  Pylon  
  69  6:02  Zealot  
  71  6:11  Probe, Pylon  
  71  6:13  Zealot  
  71  6:16  Zealot  
  76  6:19  Zealot  
  77  6:26  Zealot  
  78  6:36  Dark Shrine  
  78  6:50  Zealot x6  
  78  6:52  Zealot  
  92  7:06  Zealot  
  86  7:12  Zealot x5  
  52  7:30  Zealot x3  
  56  7:46  Warp Prism (Chrono Boost)  
  60  7:52  Dark Templar x4  
  66  8:11  Zealot x4  
Show
View Real Time Build Order
Export as new Build Order

Impact Zerg 

Build Orders: Pool First 

Get SALT Encoding   

  12  0:17  Spawning Pool  
  11  0:22  Drone  
  11  0:26  Drone  
  13  0:31  Drone  
  14  0:39  Overlord  
  14  1:03  Zergling x4  
  16  1:05  Zergling x2  
  19  1:17  Zergling x2  
  20  1:21  Queen  
  20  1:29  Zergling x2  
  21  1:34  Hatchery  
  21  1:39  Drone  
  21  1:48  Drone  
  22  1:54  Extractor  
  22  1:58  Overlord  
  21  2:11  Drone  
  21  2:18  Queen  
  21  2:20  Drone  
  24  2:29  Drone x3  
  27  2:34  Overlord  
  26  2:45  Drone  
  26  2:47  Drone  
  27  2:56  Drone  
  27  2:58  Metabolic Boost  
  28  3:03  Queen  
  31  3:05  Drone  
  31  3:09  Drone x2  
  33  3:18  Zergling x2  
  34  3:20  Zergling x4  
  34  3:21  Zergling x2  
  34  3:25  Drone x2  
  39  3:28  Drone  
  39  3:33  Zergling x2  
  39  3:34  Zergling x2  
  42  3:45  Hatchery  
  38  3:49  Zergling x2  
  38  3:50  Drone  
  40  3:57  Zergling x6  
  40  4:09  Drone  
  38  4:16  Overlord  
  38  4:17  Overlord  
  36  4:24  Overlord  
  36  4:35  Drone x4  
  39  4:47  Drone  
  39  4:51  Drone  
  39  4:52  Drone  
  41  4:54  Queen  
  41  4:57  Drone x3  
  41  4:58  Drone  
  46  5:00  Drone  
  46  5:02  Drone  
  46  5:05  Drone  
  46  5:06  Drone  
  50  5:09  Drone x2  
  52  5:15  Roach Warren  
  52  5:18  Extractor  
  52  5:19  Drone  
  52  5:20  Extractor  
  51  5:21  Drone  
  51  5:24  Drone  
  52  5:30  Overlord x2  
  52  5:34  Overlord  
  50  5:56  Roach x8  
  66  5:58  Roach  
  66  6:01  Roach  
  66  6:02  Roach  
  72  6:06  Roach  
  72  6:08  Roach  
  76  6:15  Roach x3  
  80  6:19  Roach  
  80  6:22  Roach x2  
  86  6:26  Roach  
  86  6:32  Zergling x4  
  89  6:33  Overlord  
  89  6:34  Overlord  
  89  6:35  Ravager  
  89  6:51  Zergling x18  
  89  6:53  Ravager  
  89  6:54  Zergling x2, Ravager  
  100  6:57  Zergling x4  
  100  7:00  Zergling x4  
  95  7:08  Roach  
  95  7:12  Roach  
  95  7:13  Roach  
  86  7:18  Roach  
  86  7:20  Zergling x2  
  77  7:24  Roach, Queen x2  
  77  7:25  Ravager  
  77  7:26  Ravager  
  76  7:32  Roach x2  
  76  7:35  Roach  
  73  7:37  Ravager  
  73  7:39  Queen  
  73  7:41  Roach  
  73  7:43  Zergling x2  
  79  7:46  Zergling x2  
  79  7:49  Roach  
  82  7:56  Roach x2  
  86  8:00  Spore Crawler  
  86  8:01  Spore Crawler  

Tags
 
Add a new tag
Caveats
  • Supply blocks, unpowered buildings, or Contaminate may cause inaccurate times.
  • Supply counts are checked every 10 seconds.